 Dungeon Crawl Stone Soup version 0.27-a0-1256-gced786f65e (webtiles) character file.

Game seed: 10519436459155065709

611 rabbitsville the Slicer (level 7, -3/52 HPs)
             Began as a Demonspawn Fighter on June 11, 2021.
             Was a Plaything of Xom.
             Slain by a killer bee (4 damage)
             ... on level 4 of the Dungeon.
             The game lasted 00:20:17 (3432 turns).

rabbitsville the Slicer (Demonspawn Fighter)        Turns: 3432, Time: 00:20:18

Health: -3/52      AC:  6    Str: 18    XL:     7   Next: 20%
Magic:  16/16      EV:  7    Int: 10    God:    Xom [..*...]
Gold:   123        SH:  9    Dex: 14    Spells: 19/19 levels left

rFire    . . .     SeeInvis .   r - +4 short sword (drain)
rCold    . . .     Faith    .   c - +0 kite shield
rNeg     . . .     Spirit   .   b - +0 scale mail
rPois    .         Reflect  .   (no helmet)
rElec    .         Harm     .   (no cloak)
rCorr    .         Rampage  .   (no gloves)
Will     .....                  (no boots)
Stlth    +.........             (no amulet)
HPRegen  0.17/turn              (no ring)
MPRegen  0.15/turn              (no ring)

@: lethally poisoned (-3 -> -18), about to teleport
A: thin skeletal structure 1, foul stench 1
a: Renounce Religion


You were on level 4 of the Dungeon.
You worshipped Xom.
You were a toy of Xom.
You visited 2 branches of the dungeon, and saw 5 of its levels.

You collected 123 gold pieces.

Inventory:

Hand Weapons
 a - a +0 war axe
 r - a +4 short sword of draining (weapon)
Missiles
 t - 37 stones (quivered)
Armour
 b - a +0 scale mail (worn)
 c - a +0 kite shield (worn)
 l - a +0 ring mail
Jewellery
 s - a ring of ice
Scrolls
 f - 2 scrolls of fog {unknown}
 i - 2 scrolls of magic mapping
 k - a scroll of torment {unknown}
 p - a scroll of summoning {unknown}
Potions
 d - a potion of might
 h - a potion of flight {unknown}
 j - 2 potions of heal wounds
 n - a potion of ambrosia {unknown}
 o - a potion of curing {unknown}
 q - a potion of invisibility {unknown}
 u - a potion of mutation {unknown}


   Skills:
 - Level 3.0 Fighting
 * Level 9.3 Short Blades
 - Level 4.6 Axes
 - Level 2.6 Armour
 - Level 2.6 Shields
 + Level 6.5 Spellcasting


You had 19 spell levels left.
You didn't know any spells.
Your spell library contained the following spells:

 Spells                   Type           Power      Damage    Failure   Level
 Foxfire                  Conj/Fire      12%        2x1d4     97%         1
 Magic Dart               Conj           12%        1d3       97%         1
 Blink                    Tloc           N/A        N/A       99%         2
 Call Imp                 Summ           3%         N/A       99%         2
 Slow                     Hex            3%         N/A       99%         2
 Conjure Flame            Conj/Fire      3%         6-21      100%        3
 Inner Flame              Hex/Fire       3%         N/A       100%        3
 Mephitic Cloud           Conj/Pois/Air  3%         N/A       100%        3
 Sticky Flame             Conj/Fire      3%         2d3       100%        4
 Fireball                 Conj/Fire      1%         3d3       100%        5
 Summon Forest            Summ/Tloc      1%         N/A       100%        5
 Summon Mana Viper        Hex/Summ       3%         N/A       100%        5
 Shadow Creatures         Summ           N/A        N/A       100%        6
 Summon Hydra             Summ           1%         N/A       100%        7


Dungeon Overview and Level Annotations

Branches:
Dungeon (4/15)             Temple (1/1) D:4

Altars:
Ashenzari
Cheibriados
Dithmenos
Elyvilon
Fedhas
Gozag
Hepliaklqana
Kikubaaqudgha
Makhleb
Nemelex Xobeh
Okawaru
Trog
Uskayaw
Vehumet
Wu Jian
Xom
Zin
The Shining One

Shops:
D:1 (


Innate Abilities, Weirdness & Mutations

You have a somewhat thin skeletal structure. (Dex +2, Stealth+)
You may rarely emit foul miasma when damaged in melee.


Message History

Really read the scroll of immolation?
As you read the scroll of immolation, it crumbles to dust.
The creatures around you are filled with an inner flame!
You feel very sick.
The killer bee buzzes angrily.
You block the killer bee's attack.
A killer bee comes into view.
The yak gores you!
You emit a cloud of foul miasma!
The killer bee stings you but does no damage.
The killer bee stings you.
You are more poisoned.
The killer bee poisons you!
The killer bee moves out of view.
You feel very sick. The killer bee closely misses you.
The yak is engulfed in dark miasma.
The yak is poisoned.
Flame seeps out of the yak.
You block the killer bee's attack.
The killer bee stings you but does no damage.
Found 14 gold pieces.
As you read the scroll labelled GAYCVEOREO, it crumbles to dust.
It is a scroll of enchant weapon.
Your +3 short sword of draining glows red for a moment.
You feel very sick. The killer bee stings you.
* * * LOW HITPOINT WARNING * * *
You are lethally poisoned!
The killer bee poisons you! The killer bee closely misses you.
The killer bee barely misses you. You block the killer bee's attack. x2
The killer bee barely misses you. The yak barely misses you.
You aren't wearing any rings or amulets.
As you read the scroll labelled GAKIUMOTEI, it crumbles to dust.
You feel strangely unstable.
It was a scroll of teleportation.
* * * LOW HITPOINT WARNING * * *
You feel very sick.
Flame seeps out of the yak.
You block the killer bee's attack. The killer bee stings you.
* * * LOW HITPOINT WARNING * * *
You block the killer bee's attack. The killer bee closely misses you.
The killer bee stings you.
You die...
Xom thinks this is hilarious!

..#.#.# ..#...# #.##..#
#.##..# #.##..# ##
#.##..# ..
#########.##..####.###
#.....y.†...#.........
#....@y.†...#.>.##.##
#...Yyy.....#...#
#....○.y....#...#
#...........##.##
........##.####..#
.........##.# ###.##.###
$........#... #<........
.........#....###.##.###
#########....# #..# #


You could see a yak (inner flame, poisoned) and 5 killer bees.

Vanquished Creatures
  2 yaks (D:4)
  An orc priest (D:2)
  An iguana (D:3)
  3 adders (D:2)
  An adder skeleton (D:4)
  2 worms (D:2)
  A dart slug (D:1)
  An orc (D:2)
  7 ball pythons
  5 endoplasms
  A giant cockroach (D:1)
  8 goblins
  7 hobgoblins
  7 jackals
  7 kobolds
  3 quokkas
  3 bats
  3 frilled lizards
  13 rats
  A butterfly (D:4)
77 creatures vanquished.

Vanquished Creatures (others)
  An orc (D:2)
1 creature vanquished.

Grand Total: 78 creatures vanquished

Notes
Turn   | Place    | Note
-------+----------+-------------------------------------------
     0 | D:1      | rabbitsville the Demonspawn Fighter began the quest for the
                  | Orb.
     0 | D:1      | Reached XP level 1. HP: 18/18 MP: 1/1
   108 | D:1      | Gained mutation: You have a somewhat thin skeletal
                  | structure. (Dex +2, Stealth+) [demonic ancestry]
   108 | D:1      | Reached XP level 2. HP: 13/24 MP: 2/2
   772 | D:1      | Found Sawyil's Antique Weapon Boutique.
   835 | D:1      | Found a faded altar of an unknown god.
   849 | D:1      | Became a worshipper of Xom the Random
   957 | D:1      | Reached XP level 3. HP: 29/29 MP: 3/3
  1216 | D:1      | XOM: silly message
  1405 | D:2      | XOM: butterfly on damage
  1406 | D:2      | XOM: potion effect (haste)
  1411 | D:2      | XOM: potion effect (invisibility)
  1422 | D:2      | Reached XP level 4. HP: 11/35 MP: 4/4
  2670 | D:3      | Found a broken altar of Ashenzari.
  2801 | D:3      | Reached XP level 5. HP: 41/41 MP: 5/5
  2976 | D:3      | XOM: divination: detect items
  3117 | D:3      | Found a snail-covered altar of Cheibriados.
  3118 | D:3      | Found an iron altar of Okawaru.
  3142 | D:4      | Found a staircase to the Ecumenical Temple.
  3154 | Temple   | Entered the Ecumenical Temple
  3258 | D:4      | Reached skill level 1 in Short Blades
  3262 | D:4      | Noticed a yak
  3264 | D:4      | XOM: potion effect (experience)
  3264 | D:4      | Reached skill level 9 in Short Blades
  3264 | D:4      | Gained mutation: You may rarely emit foul miasma when
                  | damaged in melee. [demonic ancestry]
  3264 | D:4      | Reached XP level 6. HP: 47/47 MP: 6/15
  3266 | D:4      | Noticed a yak
  3271 | D:4      | Killed a yak
  3279 | D:4      | Killed a yak
  3280 | D:4      | Reached XP level 7. HP: 29/52 MP: 7/16
  3422 | D:4      | Noticed a yak
  3432 | D:4      | HP: 1/52 [killer bee (6)]
  3432 | D:4      | Slain by a killer bee

Illustrated notes

Levels and vault maps discovered:
D:1:      amcnicky_arrival_gap_in_the_tavern_cellar, layout_loops_ring,
          basic_ecumenical_altar, serial_shops, shop, minmay_statues_item,
          minmay_pentomino_q4
D:2:      layout_basic, eino_tiny_chamber
D:3:      layout_basic, chequers_temple_overflow_statue_of_worship
D:4:      layout_basic, minmay_temple_entry_butterflies
Temple:   zaba_magenta_temple

Skill      XL: |  1  2  3  4  5 |
---------------+----------------+-----
Axes           | 2 3 4 |  4.6
Short Blades   | 9 |  9.3
Spellcasting   | 6 |  6.5
Fighting       | |  3.0
Armour         | |  2.6
Shields        | |  2.6

Action                   |  1- 3 |  4- 6 |  7- 9 || total
-------------------------+-------+-------+-------++-------
Melee: War axe           |   133 |    52 |       ||   185
       Short sword       |       |    32 |     2 ||    34
  Use: Scroll            |     1 |     2 |     3 ||     6
 Stab: Invisible         |     2 |       |       ||     2
Armor: Scale mail        |    64 |    43 |     3 ||   110
Dodge: Dodged            |    37 |    22 |     7 ||    66
Block: Kite shield       |    59 |    47 |     8 ||   114

Table legend: (Time is in decaauts)
 A = Elapsed time spent in this place.
 B = Non-inter-level travel time spent in this place.
 C = Inter-level travel time spent in this place.
 D = Time resting spent in this place.
 E = Time spent auto-exploring this place.
 F = Levels seen in this place.
 G = Mean time per level.
                   A        B        C        D        E       F      G
               +--------+--------+--------+--------+--------+-----+--------+
         Total |   3525 |   3445 |     80 |    992 |   1559 |   5 |  705.0 |
       Dungeon |   3426 |   3346 |     80 |    992 |   1507 |   4 |  856.5 |
        Temple |     98 |     98 |      0 |      0 |     52 |   1 |   98.0 |
               +--------+--------+--------+--------+--------+-----+--------+

Top non-repeatable levels by time:
     D:1: 1445 daAuts
     D:2: 1117 daAuts
     D:3: 670 daAuts
     D:4: 193 daAuts
  Temple: 98 daAuts
